AoeStats
← cherreraleyton

Arabia

509295572Analyzed
1v1 RM · 6d ago on Sep 26, 2026· 38m 53s· 2 players
Game mode
Random Map
Map size
Tiny (2 player)
Population
200
Speed
Normal
Resources
Standard
Victory
Conquest
Starting age
Dark Age
Ending age
Imperial Age
RankedLock teamsTeams togetherTeam positionsShared explorationLock speedFull tech treeHidden civsTurbo modeCheats
Victory
Defeat
🇨🇳 Magyars · China
1348
+14
🇨🇱 Mongols · Chile
1298
-14
cherreraleyton
7:38 Loom
9:23 Feudal Age
14:24 Castle Age
13:40 Scale Barding Armor
15:19 Bloodlines
20:27 Town Watch
22:43 Fletching
23:31 Double-Bit Axe
23:27 Horse Collar
24:20 Bodkin Arrow
28:16 Elite Skirmisher
30:34 Padded Archer Armor
33:24 Bow Saw
35:30 Gold Mining
36:23 Chain Barding Armor
36:13 Forging
安心
6:41 Loom
9:13 Feudal Age
10:17 Double-Bit Axe
21:50 Castle Age
19:57 Horse Collar
20:19 Gold Mining
21:34 Fletching
21:56 Bloodlines
24:25 Bow Saw
26:06 Wheelbarrow
25:34 Heavy Plow
26:12 Gold Shaft Mining
25:39 Bodkin Arrow
25:45 Padded Archer Armor
27:38 Leather Archer Armor
29:52 Thumb Ring
31:30 Husbandry
33:56 Scale Barding Armor
35:27 Chain Barding Armor
35:36 Hand Cart
38:47 Imperial Age
Connection lost

Rejoining the realm…

Still unreachable

The connection could not be restored.

Session expired

The server has moved on; the page needs a fresh start.